 Dungeon Crawl Stone Soup version 0.30-a0-920-g7493c07aab (webtiles) character file.

Game seed: 8387674561750750473

14991 Iniera the Severer (level 11, -4/94 HPs)
             Began as a Demonspawn Fighter on Mar 21, 2023.
             Was a High Priest of Qazlal.
             Slain by an orc knight
             ... wielding a +0 great mace
              (13 damage)
             ... on level 2 of the Orcish Mines.
             The game lasted 00:18:14 (9472 turns).

Iniera the Severer (Demonspawn Fighter)             Turns: 9472, Time: 00:18:15

Health: -4/94      AC: 27    Str: 30    XL:     11   Next: 96%
Magic:  15/15      EV: 10    Int: 18    God:    Qazlal [*****.]
Gold:   1347       SH: 11    Dex: 15    Spells: 10/10 levels left

rFire   + . .      SeeInvis .    B - +6 shillelagh "Devastator" {shatter}
rCold   . . .      Faith    .    c - +0 buckler
rNeg    . . .      Spirit   .    i - +6 chain mail "Kimis" {rPois Slay+2}
rPois   +          Reflect  .    C - +0 hat
rElec   .          Rampage  .    r - +2 cloak {rCorr}
rCorr   +                        j - +0 pair of gloves
Will    .....                    (no boots) Stlth
                                 (no amulet)
HPRegen 0.35/turn                h - ring of Vituen {rF+ Str+4 Int+7 Dex+3}
MPRegen 0.14/turn                u - +6 ring of strength

@: protected from physical damage, studying 2 skills, repel missiles
A: hooves 2, rugged brown scales 2
a: Renounce Religion, Upheaval, Elemental Force, Disaster Area


You were on level 2 of the Orcish Mines.
You worshipped Qazlal.
Qazlal was extremely pleased with you.
You visited 3 branches of the dungeon, and saw 12 of its levels.
You also visited: Bailey.

You collected 2221 gold pieces.
You spent 874 gold pieces at shops.

Inventory:

Hand Weapons
 B - the +6 shillelagh "Devastator" (weapon) {shatter}
   (You found it on level 6 of the Dungeon)
 H - a +0 battleaxe
Armour
 c - a +0 buckler (worn)
 i - the +6 chain mail "Kimis" (worn) {rPois Slay+2}
   (You bought it in a shop on level 2 of the Dungeon)

   Slay:      It affects your accuracy & damage with ranged weapons and melee
   (+2).
   rPois:     It protects you from poison.
 j - a +0 pair of gloves (worn)
 r - a +2 cloak of preservation (worn)
 y - a +1 cloak of poison resistance
 C - a +0 hat (worn)
Jewellery
 h - the ring of Vituen (left hand) {rF+ Str+4 Int+7 Dex+3}
   (You acquired it on level 7 of the Dungeon)

   [ring of protection from fire]

   Str:       It affects your strength (+4).
   Int:       It affects your intelligence (+7).
   Dex:       It affects your dexterity (+3).
   rF:        It protects you from fire.
 q - a ring of wizardry
 u - a +6 ring of strength (right hand)
Wands
 l - a wand of flame (24)
 v - a wand of paralysis (8)
 x - a wand of iceblast (8)
Scrolls
 b - 2 scrolls of magic mapping
 g - 5 scrolls of teleportation
 n - 3 scrolls of amnesia
 o - 3 scrolls of immolation
 A - a scroll of brand weapon
 G - a scroll of fear
 I - a scroll of blinking
Potions
 a - 3 potions of flight
 d - 3 potions of might
 e - 4 potions of lignification
 f - 8 potions of curing
 k - 4 potions of degeneration
 m - 3 potions of invisibility
 p - 6 potions of heal wounds
 s - 2 potions of brilliance
 t - 2 potions of magic
 w - a potion of ambrosia
 z - 2 potions of cancellation {unknown}
 D - 3 potions of resistance
 E - 3 potions of haste
 F - 3 potions of mutation
 J - 2 potions of berserk rage
 K - a potion of attraction {unknown}


   Skills:
 + Level 10.1 Fighting
 * Level 15.1 Axes
 + Level 9.5 Armour
 + Level 4.7 Dodging
 - Level 2.6 Shields
 - Level 6.2 Invocations


You had 10 spell levels left.
You didn't know any spells.
Your spell library contained the following spells:

 Spells                   Type           Power      Damage    Failure   Level
 Apportation              Tloc           0%         N/A       75%         1
 Necrotise                Necr           0%         1d4       75%         1
 Sandblast                Erth           0%         2d4       75%         1
 Shock                    Conj/Air       0%         1d3       75%         1
 Summon Small Mammal      Summ           0%         N/A       75%         1
 Cigotuvi's Dreadful Rot  Necr/Pois/Air  0%         N/A       87%         2
 Ensorcelled Hibernation  Hex/Ice        0%         N/A       87%         2
 Passwall                 Tmut/Erth      0%         N/A       87%         2
 Call Canine Familiar     Summ           0%         N/A       98%         3
 Stone Arrow              Conj/Erth      0%         3d7       98%         3
 Summon Guardian Golem    Hex/Summ       0%         N/A       98%         3
 Swiftness                Air            0%         N/A       98%         3
 Airstrike                Air            0%         2d(0-16)  100%        4
 Iskenderun's Mystic Bla  Conj/Tloc      0%         2d3       100%        4
 Alistair's Intoxication  Tmut/Pois      0%         N/A       100%        5
 Borgnjor's Vile Clutch   Necr/Erth      0%         N/A       100%        5
 Eringya's Noxious Bog    Tmut/Pois      0%         N/A       100%        6
 Lehudib's Crystal Spear  Conj/Erth      0%         10d2      100%        8


Dungeon Overview and Level Annotations

Branches:
Dungeon (9/15)             Temple (1/1) D:4            Lair (0/5) D:8
    Orc (2/2) D:9          Bailey (visited)
    Elf: Orc:2

Altars:
Ashenzari
Cheibriados
Dithmenos
Fedhas
Gozag
Hepliaklqana
Kikubaaqudgha
Makhleb
Nemelex Xobeh
Okawaru
Qazlal
Ru
Sif Muna
Trog
Uskayaw
Vehumet
Wu Jian
Xom
Yredelemnul

Shops:
D:2 [[   D:9 [[(!   Orc:1 :


Innate Abilities, Weirdness & Mutations

You have hoof-like feet.
You are mostly covered in rugged brown scales. (AC +2, +5% HP)


Message History

You kill the orc warrior!
Qazlal accepts your kill.
The orc knight hits you but does no damage.
An orc warrior comes into view. It is wielding a +0 halberd.
The orc warrior shouts!
The orc warrior hits you with a +0 long sword.
You block the orc warrior's attack.
An orc warrior comes into view. It is wielding a +0 glaive.
The orc warrior unwields a +0 arbalest.
The orc warrior wields a +0 glaive.
The orc warrior hits you with a +0 glaive.
The orc warrior unwields a +0 arbalest.
The orc warrior wields a +0 great mace.
You block the orc warrior's attack. The orc knight completely misses you.
Things that are here:
a +0 battleaxe; a +0 arbalest; a +0 dagger Unknown command.
You miss the orc knight. Your kick misses the orc knight.
The orc knight is severely wounded.
You block the orc warrior's attack.
The orc warrior shoots a bolt.
The bolt closely misses you. The orc warrior barely misses you.
You block the orc warrior's attack.
The orc knight roars a battlecry!
The orc warrior goes into a battle-frenzy!
Unknown command.
You hit the orc knight.
The orc knight and the orc warriors shudder.
The orc knight is almost dead.
The orc warrior is severely wounded.
The orc warrior is heavily wounded.
The orc knight is almost dead.
The orc warrior hits you with a +0 long sword.
* * * LOW HITPOINT WARNING * * *
The orc warrior is engulfed in freezing vapours.
The orc warrior complains loudly.
The orc warrior hits you but does no damage.
The orc warrior hits you with a +0 glaive!!
* * * LOW HITPOINT WARNING * * *
You feel more protected from physical attacks.
The orc warrior closely misses you.
The orc knight hits you with a +0 great mace!
You die...

.............................)...
...............#..............)).
###...........###............##$.
####..........###.....))....## ..
.#.#...........##....)).....#####
..............[)#.....#..........
........[....[<.#)☼).)#..........
........#.....)oo.))).##.........
........#.#....o@o).#.#.#........
......###..#oooooo○.#####........
....####......☼§°...# ##.......
.....# ##..#.o.....## ##.....#
....## #..o####.### ###..# #..##
##.. ### #.## .o.. ### ..o..
#$.....


You could see an orc knight and 12 orc warriors.

Vanquished Creatures
  An orc warlord (Orc:2)
  2 centaur warriors (Orc:2)
  Erica (D:9)
  2 two-headed ogres
  2 orc high priests
  A wizard (D:9)
  Pikel (D:5)
  An orc knight (Bailey)
  An orc sorcerer (Orc:2)
  Maurice (D:8)
  2 trolls (Orc:2)
  A shadow (D:9)
  3 wyverns
  A steam dragon (D:8)
  3 wargs
  Menkaure (D:4)
  Duvessa (D:7)
  27 orc warriors
  A sky beast (D:7)
  9 ogres
  6 centaurs
  Blork the orc (D:4)
  A kobold brigand (D:6)
  A bullfrog (D:7)
  2 gnoll sergeants (D:6)
  5 wights (D:9)
  Dowan (D:7)
  7 howler monkeys
  A crimson imp (D:9)
  2 hounds
  3 jellies
  11 orc priests
  Crazy Yiuf (D:4)
  3 sleepcaps
  Jessica (D:3)
  Natasha (thrice) (D:4)
  17 orc wizards
  6 adders
  14 gnolls
  2 white imps
  3 ufetubi (D:4)
  A worm (D:2)
  A dart slug (D:4)
  61 orcs
  4 ball pythons
  9 endoplasms
  6 giant cockroaches
  9 goblins
  6 hobgoblins
  9 kobolds
  A quokka (D:4)
  3 bats (D:1)
  5 frilled lizards
  4 rats
272 creatures vanquished.

Vanquished Creatures (others)
  2 demonic plants (D:4)
2 creatures vanquished.

Grand Total: 274 creatures vanquished

Notes
Turn   | Place    | Note
-------+----------+-------------------------------------------
     0 | D:1      | Iniera the Demonspawn Fighter began the quest for the Orb.
     0 | D:1      | Reached XP level 1. HP: 18/18 MP: 1/1
    28 | D:1      | Reached skill level 2 in Axes
   109 | D:1      | Identified a scroll of acquirement
   109 | D:1      | Acquired 1021 gold pieces
   145 | D:1      | Gained mutation: You have large cloven feet. [demonic
                  | ancestry]
   145 | D:1      | Reached XP level 2. HP: 16/24 MP: 2/2
   349 | D:1      | Reached skill level 3 in Axes
   632 | D:2      | Reached XP level 3. HP: 29/29 MP: 3/3
   681 | D:2      | Found Nonaim's Armour Shoppe.
   682 | D:2      | Found Muhip's Armour Boutique.
   686 | D:2      | Bought the +6 chain mail "Kimis" {rPois Slay+2} for 595
                  | gold pieces
   704 | D:2      | Bought a +0 pair of gloves for 54 gold pieces
   742 | D:2      | Found a burning altar of Makhleb.
  1107 | D:3      | Found a hazy altar of Hepliaklqana.
  1107 | D:3      | Found a sacrificial altar of Ru.
  1109 | D:3      | Found a shimmering altar of Xom.
  1113 | D:3      | Reached skill level 8 in Axes
  1113 | D:3      | Gained mutation: You have hoof-like feet. [demonic
                  | ancestry]
  1113 | D:3      | Reached XP level 4. HP: 41/41 MP: 4/4
  1214 | D:3      | Noticed Jessica
  1223 | D:3      | Killed Jessica
  1224 | D:3      | Reached XP level 5. HP: 33/47 MP: 5/5
  1928 | D:3      | Found a snail-covered altar of Cheibriados.
  1928 | D:3      | Found a sparkling altar of Nemelex Xobeh.
  2155 | D:4      | Found a runed translucent door.
  2156 | D:4      | Noticed Crazy Yiuf
  2197 | D:4      | Noticed Natasha
  2217 | D:4      | Killed Natasha
  2245 | D:4      | Reached skill level 9 in Axes
  2268 | D:4      | Killed Crazy Yiuf
  2312 | D:4      | Noticed Natasha
  2320 | D:4      | Killed Natasha
  2329 | D:4      | Noticed Natasha
  2334 | D:4      | Killed Natasha
  2335 | D:4      | Gained mutation: You are partially covered in rugged brown
                  | scales. (AC +1, +3% HP) [demonic ancestry]
  2335 | D:4      | Reached XP level 6. HP: 47/54 MP: 6/6
  2405 | D:4      | Noticed Blork the orc
  2416 | D:4      | Killed Blork the orc
  2540 | D:4      | Identified the +10 mace "Ceofod Xast" {venom, Str+3}
  2664 | D:4      | Found a staircase to the Ecumenical Temple.
  2712 | D:4      | Noticed Menkaure
  2721 | D:4      | Killed Menkaure
  2745 | Temple   | Entered the Ecumenical Temple
  3042 | Temple   | Became a worshipper of Qazlal Stormbringer
  3213 | D:4      | Found an iron altar of Okawaru.
  3217 | D:4      | Reached XP level 7. HP: 57/60 MP: 7/7
  3259 | D:4      | Found a blossoming altar of Fedhas.
  3649 | D:5      | Entered Level 5 of the Dungeon
  3672 | D:5      | Noticed Pikel
  3690 | D:5      | Killed Pikel
  3691 | D:5      | Reached skill level 10 in Axes
  3691 | D:5      | Reached XP level 8. HP: 53/69 MP: 8/8
  4299 | D:6      | Found the +6 shillelagh "Devastator" {shatter}
  4519 | D:6      | Reached * piety under Qazlal
  4565 | D:6      | Acquired a manual of Axes
  4683 | D:6      | Reached XP level 9. HP: 69/75 MP: 9/9
  4686 | D:6      | Reached skill level 11 in Axes
  5362 | D:7      | Acquired a manual of Armour
  5417 | D:7      | Acquired the ring of Vituen {rF+ Str+4 Int+7 Dex+3}
  5605 | D:7      | Reached skill level 1 in Invocations
  5719 | D:7      | Reached ** piety under Qazlal
  5873 | D:7      | Found a flagged portal.
  5889 | Bailey   | Entered a bailey
  6106 | Bailey   | Noticed an orc knight
  6113 | Bailey   | Killed an orc knight
  6114 | Bailey   | Reached skill level 5 in Armour
  6397 | D:7      | Noticed Duvessa
  6398 | D:7      | Noticed Dowan
  6400 | D:7      | Killed Dowan
  6400 | D:7      | Killed Duvessa
  6500 | D:8      | Noticed Maurice
  6516 | D:8      | Killed Maurice
  6517 | D:8      | Reached skill level 12 in Axes
  6596 | D:8      | Found an ancient bone altar of Kikubaaqudgha.
  6596 | D:8      | Found a broken altar of Ashenzari.
  6596 | D:8      | Found an ornate altar of the Wu Jian Council.
  6610 | D:8      | Reached *** piety under Qazlal
  6645 | D:8      | Noticed a two-headed ogre
  6649 | D:8      | Killed a two-headed ogre
  6650 | D:8      | Reached XP level 10. HP: 58/84 MP: 12/12
  7144 | D:8      | Found a staircase to the Lair.
  7385 | D:9      | Reached skill level 1 in Dodging
  7484 | D:9      | Noticed a two-headed ogre
  7489 | D:9      | Killed a two-headed ogre
  7490 | D:9      | Reached skill level 5 in Invocations
  7495 | D:9      | Reached skill level 13 in Axes
  7518 | D:9      | Noticed a wizard
  7523 | D:9      | Killed a wizard
  7561 | D:9      | Found an opulent altar of Gozag.
  7574 | D:9      | Found Wexza's Armour Shoppe.
  7589 | D:9      | Found Zacest's Weapon Boutique.
  7645 | D:9      | Got Ziutiuru's Papyrus of the Shocking Fifth Circle
  7767 | D:9      | Found Zeam's Distillery.
  7775 | D:9      | Bought a potion of curing for 45 gold pieces
  7775 | D:9      | Bought a potion of berserk rage for 75 gold pieces
  7775 | D:9      | Bought a potion of curing for 45 gold pieces
  7775 | D:9      | Bought a potion of might for 60 gold pieces
  7836 | D:9      | Found Inevot's Armour Shoppe.
  7836 | D:9      | Noticed Erica
  7845 | D:9      | Killed Erica
  7933 | D:9      | Found a staircase to the Orcish Mines.
  7940 | D:9      | Found a bloodstained altar of Trog.
  8138 | Orc:1    | Entered Level 1 of the Orcish Mines
  8138 | Orc:1    | Found Zeofenol's Book Shop.
  8148 | Orc:1    | Noticed an orc high priest
  8153 | Orc:1    | Noticed an orange demon
  8157 | Orc:1    | Killed an orc high priest
  8158 | Orc:1    | Gained mutation: You are mostly covered in rugged brown
                  | scales. (AC +2, +5% HP) [demonic ancestry]
  8158 | Orc:1    | Reached XP level 11. HP: 58/93 MP: 15/15
  8323 | Orc:1    | Reached **** piety under Qazlal
  8748 | Orc:2    | Entered Level 2 of the Orcish Mines
  8749 | Orc:2    | Noticed an orc warlord
  8754 | Orc:2    | Noticed an orc high priest
  8756 | Orc:2    | Noticed a sun demon
  8899 | Orc:2    | Reached skill level 14 in Axes
  8921 | Orc:2    | Killed an orc warlord
  8925 | Orc:2    | Killed an orc high priest
  9171 | Orc:2    | Noticed an orc sorcerer
  9173 | Orc:2    | Noticed a sun demon
  9180 | Orc:2    | Killed an orc sorcerer
  9180 | Orc:2    | Reached ***** piety under Qazlal
  9442 | Orc:2    | Noticed a centaur warrior
  9447 | Orc:2    | Noticed a centaur warrior
  9449 | Orc:2    | Killed a centaur warrior
  9450 | Orc:2    | Reached skill level 10 in Fighting
  9455 | Orc:2    | Killed a centaur warrior
  9456 | Orc:2    | Reached skill level 15 in Axes
  9456 | Orc:2    | Noticed an orc knight
  9472 | Orc:2    | Slain by an orc knight

Illustrated notes

Levels and vault maps discovered:
D:1:      lightli_arrival_quake, layout_rooms
D:2:      layout_basic, basic_altar, serial_shops, shop, nicolae_shop_trees
D:3:      layout_basic, nicolae_overflow_hidden_temple, serial_corexii_hall,
          chequers_hall_statues_wall_a, chequers_hall_statues_wall_a,
          uniq_jessica
D:4:      layout_loops_ring, kennysheep_little_box, okawaru_gym_becter,
          minmay_temple_entry_poolview, serial_demonic, serial_demonic_a,
          serial_demonic_g, serial_demonic_g, serial_demonic_g, feat_on_display,
          uniq_menkaure, uniq_blork_the_orc, uniq_natasha,
          uniq_crazy_yiuf_cottage
D:5:      layout_rooms, dreamdust_princess_corridor, uniq_pikel
D:6:      layout_basic, dreamdust_divine_triumvirate, grunt_ministairs_1,
          dilly_guarded_unrand_devastator
D:7:      layout_loops_cross, enter_bailey_2, uniq_duvessa
D:8:      layout_basic, chequers_temple_overflow_statue_of_worship,
          lair_entry_dummy, minmay_misc_feat_four_crosses, uniq_maurice
D:9:      layout_rooms, grunt_gozag_statues, trog_three_pillars_becter,
          orc_0_dummy, serial_shops, nicolae_lakefront_shop, shop_fountains,
          nicolae_shop_trees, shop, lightli_wizard_tower, uniq_erica
Temple:   nicolae_temple_bog_church
Orc:1:    nicolae_orc_accident_1, layout_caves, serial_shops, shop
Orc:2:    st_orc_rangers, layout_diamond_mine, basic_altar

Skill      XL: |  1  2  3  4  5  6  7  8  9 10 11 |
---------------+----------------------------------+-----
Axes           | 2 3 8 9 10 12 13 15 | 15.1
Fighting       | 6 7 8 9 10 | 10.1
Armour         | 3 4 6 7 9 |  9.5
Invocations    | 3 6 |  6.2
Dodging        | 2 4 |  4.7
Shields        | |  2.6

Action                     |  1- 3 |  4- 6 |  7- 9 | 10-12 || total
---------------------------+-------+-------+-------+-------++-------
  Melee: War axe           |    13 |       |       |       ||    13
         Dagger            |    64 |    94 |    70 |       ||   228
         Kick              |    12 |    20 |    39 |    41 ||   112
         Shillelagh        |       |       |   104 |   151 ||   255
    Use: Scroll            |     9 |     4 |    11 |     4 ||    28
         Potion            |     1 |       |       |       ||     1
 Armour: Scale mail        |    38 |       |       |       ||    38
         Chain mail        |     8 |    70 |    93 |    48 ||   219
  Dodge: Dodged            |    28 |    23 |    51 |    52 ||   154
         Repelled          |       |       |       |     1 ||     1
  Block: Buckler           |    12 |    25 |    56 |    68 ||   161

Table legend: (Time is in decaauts)
 A = Elapsed time spent in this place.
 B = Non-inter-level travel time spent in this place.
 C = Inter-level travel time spent in this place.
 D = Time resting spent in this place.
 E = Time spent auto-exploring this place.
 F = Levels seen in this place.
 G = Mean time per level.
                   A        B        C        D        E       F      G
               +--------+--------+--------+--------+--------+-----+--------+
         Total |   9504 |   9066 |    438 |    514 |   7111 |  13 |  731.1 |
       Dungeon |   7426 |   7038 |    388 |    211 |   5746 |   9 |  825.1 |
        Temple |    322 |    284 |     38 |      0 |    277 |   1 |  322.0 |
  Orcish Mines |   1323 |   1312 |     11 |    303 |    769 |   2 |  661.5 |
        Bailey |    431 |    431 |      0 |      0 |    319 |   1 |  431.0 |
               +--------+--------+--------+--------+--------+-----+--------+

Top non-repeatable levels by time:
     D:4: 1198 daAuts
     D:6: 1186 daAuts
     D:3: 1040 daAuts
   Orc:1: 923 daAuts
     D:8: 879 daAuts
     D:9: 782 daAuts
     D:7: 704 daAuts
     D:1: 559 daAuts
     D:2: 552 daAuts
     D:5: 522 daAuts
  Bailey: 431 daAuts
   Orc:2: 400 daAuts
  Temple: 322 daAuts
